 Dungeon Crawl Stone Soup version 0.27.0-1-g7a089689b8 (webtiles) character file.

Game seed: 10354093477172716802

624 HungrySpirit the Chopper (level 7, -1/60 HPs)
             Began as a Minotaur Gladiator on July 31, 2021.
             Was a Believer of the Shining One.
             Succumbed to Edmund's poison
             ... on level 3 of the Dungeon.
             The game lasted 00:04:04 (5295 turns).

HungrySpirit the Chopper (Minotaur Gladiator)       Turns: 5295, Time: 00:04:05

Health: -1/60      AC:  3    Str: 16 (18) XL:     7   Next: 22%
Magic:  6/6        EV: 14    Int:  4 (5)  God:    the Shining One [**....]
Gold:   42         SH:  0    Dex: 18 (20) Spells: 6/6 levels left

rFire    + . .     SeeInvis .   a - +0 war axe
rCold    . . .     Faith    .   (no shield)
rNeg     + . .     Spirit   .   b - +0 leather armour
rPois    .         Reflect  .   c - +0 hat
rElec    .         Harm     .   (no cloak)
rCorr    .         Rampage  .   (no gloves)
Will     .....                  (no boots)
Stlth    +.........             (no amulet)
HPRegen  0.20/turn              l - +6 ring of dexterity
MPRegen  0.10/turn              g - ring of protection from fire

@: lethally poisoned (-1 -> -13), glowing
A: horns 2, retaliatory headbutt
a: Renounce Religion, Divine Shield


You were on level 3 of the Dungeon.
You worshipped the Shining One.
The Shining One was pleased with you.
You visited 1 branch of the dungeon, and saw 4 of its levels.

You collected 42 gold pieces.

Inventory:

Hand Weapons
 a - a +0 war axe (weapon)
Missiles
 d - 4 throwing nets (quivered)
Armour
 b - a +0 leather armour (worn)
 c - a +0 hat (worn)
Jewellery
 g - a ring of protection from fire (right hand)
 l - a +6 ring of dexterity (left hand)
Scrolls
 e - a scroll of torment {unknown}
 f - 2 scrolls of identify {unknown}
 h - a scroll of noise {unknown}
 i - a scroll of magic mapping {unknown}
 k - a scroll of amnesia {unknown}
 n - a scroll of blinking {unknown}
 o - a scroll of teleportation {unknown}
 p - a scroll of fog {unknown}
 r - a scroll of enchant weapon {unknown}
Potions
 j - a potion of brilliance {unknown}
 m - a potion of lignification {unknown}


   Skills:
 + Level 4.8 Fighting
 * Level 6.9 Axes
 - Level 2.0 Throwing
 + Level 3.9 Armour
 + Level 5.0 Dodging


You had 6 spell levels left.
You didn't know any spells.
Your spell library was empty.

Dungeon Overview and Level Annotations

Branches:
Dungeon (4/15)
 Temple: D:4-7

Altars:
The Shining One

Annotations:
D:3 Edmund
D:4 Dowan, Duvessa


Innate Abilities, Weirdness & Mutations

You have a pair of horns on your head.
You reflexively headbutt those who attack you in melee.


Message History

An orc comes into view. It is wielding a +0 mace.
An orc comes into view. It is wielding a +0 trident.
A giant cockroach comes into view.
You hit Edmund but do no damage. Edmund misses you.
An orc comes into view. It is wielding a +0 hand axe.
An orc priest comes into view. It is wielding a +0 dagger.
You slash Edmund!
Edmund is moderately wounded.
You hit the orc.
Edmund hits you with a +1 flail of venom!
You are poisoned.
The orc hits you with a +0 mace.
An orc comes into view. It is wielding a +0 short sword.
Edmund hits you with a +1 flail of venom!
You are more poisoned.
You feel very sick.
You feel very sick.
You feel very sick.
You see here a +0 dagger.
You feel very sick.
You feel sick.
You feel sick.
The orc shouts!
The orc hits you with a +0 mace.
* * * LOW HITPOINT WARNING * * *
The orc misses you.
You see here a +0 club.
You feel sick.
There is a stone staircase leading up, spattered with blood here.
You feel sick. The orc completely misses you. The orc closely misses you.
Edmund says, "Everyone always remembers my brother. 'Who's Edmund?' they ask!"
Edmund hits you with a +1 flail of venom!
* * * LOW HITPOINT WARNING * * *
You are lethally poisoned!
You climb upwards.
* * * LOW HITPOINT WARNING * * *
You feel very sick.
There is a stone staircase leading down, spattered with blood here.
Okay, then.
You die...

#...........................#
#..
#...†.......................#
#..
#...######..............#####
#.. #...# #........#######
#.. #...# #........# #..
##### #........# #.. #
#........######## #.. #
#######'#.......# #.. #
####@#.......######.. #
#..)>)............... #
#..@o#.......###..... #
####### #....###########.....
####.....####....#
#......#......
.........'.##....#
#......#####..
####.....#.##....# #......#
##. # #.#####.##....#
#......# #.
####.#.###.##....###......#
#.


You could see Edmund and an orc.

Vanquished Creatures
  Grinder (D:3)
  A scorpion (D:4)
  An orc priest (D:3)
  A gnoll shaman (D:3)
  Jessica (D:2)
  A bullfrog skeleton (D:3)
  An orc wizard (D:3)
  9 gnolls
  8 adders
  4 worms (D:2)
  A dart slug (D:2)
  2 orcs (D:3)
  7 endoplasms
  2 giant cockroaches
  8 goblins
  6 hobgoblins
  A jackal (D:3)
  6 kobolds
  8 ball pythons
  7 bats
  2 frilled lizards (D:3)
  2 rats
80 creatures vanquished.

Notes
Turn   | Place    | Note
-------+----------+-------------------------------------------
     0 | D:1      | HungrySpirit the Minotaur Gladiator began the quest for the
                  | Orb.
     0 | D:1      | Reached XP level 1. HP: 18/18 MP: 0/0
   448 | D:1      | Reached XP level 2. HP: 25/25 MP: 1/1
   533 | D:1      | Reached skill level 4 in Axes
   781 | D:1      | Reached skill level 1 in Armour
  1289 | D:2      | Reached XP level 3. HP: 26/30 MP: 2/2
  1612 | D:2      | Reached XP level 4. HP: 38/38 MP: 3/3
  1835 | D:2      | Noticed Jessica
  1840 | D:2      | Killed Jessica
  1841 | D:2      | Reached skill level 5 in Axes
  2267 | D:2      | Found a faded altar of an unknown god.
  2289 | D:2      | Became a worshipper of the Shining One
  2289 | D:2      | Reached * piety under the Shining One
  2407 | D:3      | Reached XP level 5. HP: 27/45 MP: 4/4
  3304 | D:3      | Noticed Grinder
  3312 | D:3      | Paralysed by Grinder for 4 turns
  3648 | D:3      | Reached XP level 6. HP: 52/52 MP: 5/5
  4149 | D:3      | Killed Grinder
  4150 | D:3      | Reached skill level 6 in Axes
  4478 | D:4      | Noticed Duvessa
  4478 | D:4      | Noticed Dowan
  4484 | D:4      | Reached XP level 7. HP: 42/60 MP: 6/6
  4640 | D:4      | Reached ** piety under the Shining One
  5050 | D:3      | Reached skill level 5 in Dodging
  5280 | D:4      | Noticed Edmund
  5294 | D:3      | HP: 2/60 [poisoned by Edmund]
  5295 | D:3      | Succumbed to Edmund's poison

Illustrated notes

Levels and vault maps discovered:
D:1:      elethiomel_arrival_infinity_welcomes_careful_drivers, layout_basic
D:2:      layout_basic, chequers_ecumenical_altar_simple_redux, uniq_jessica
D:3:      layout_basic, lightli_corner_chamber, uniq_grinder
D:4:      layout_cave_pools, temple_green, serial_shops, shop, minmay_bent,
          uniq_duvessa, uniq_blork_the_orc, uniq_edmund, uniq_pikel

Skill      XL: |  1  2  3  4  5  6  7 |
---------------+----------------------+-----
Axes           | 4 5 6 |  6.9
Armour         | 1 2 3 |  3.9
Fighting       | 3 4 |  4.8
Dodging        | 4 5 |  5.0
Throwing       | |  2.0

Action                   |  1- 3 |  4- 6 |  7- 9 || total
-------------------------+-------+-------+-------++-------
Melee: War axe           |    62 |    91 |    17 ||   170
       Headbutt          |     9 |    16 |     2 ||    27
  Use: Potion            |       |     4 |       ||     4
 Stab: Sleeping          |     1 |       |       ||     1
Armor: Leather armour    |    17 |    13 |     2 ||    32
Dodge: Dodged            |    41 |    68 |    16 ||   125
